 Dungeon Crawl Stone Soup version 0.29.1-15-g9cfb28693d (webtiles) character file.

Game seed: 13553331896371563230

1115 BuddhaDhamma the Cleaver (level 8, -1/64 HPs)
             Began as a Minotaur Berserker on Mar 16, 2023.
             Was a Priest of Trog.
             Slain by an orc warrior
             ... wielding a +0 flail
              (14 damage)
             ... on level 6 of the Dungeon.
             The game lasted 00:07:45 (5861 turns).

BuddhaDhamma the Cleaver (Minotaur Berserker)       Turns: 5861, Time: 00:07:45

Health: -1/64      AC:  7    Str: 24    XL:     8   Next: 12%
Magic:  7/7        EV: 11    Int:  4    God:    Trog [***...]
Gold:   336        SH:  0    Dex: 10    Spells: 7/7 levels left

rFire   . . .      SeeInvis .   a - +1 hand axe
rCold   . . .      Faith    .   (no shield)
rNeg    . . .      Spirit   .   n - +0 ring mail
rPois   .          Reflect  .   (helmet restricted)
rElec   .          Harm     .   u - +1 cloak
rCorr   .          Rampage  .   (no gloves)
Will    .....                   (no boots)
Stlth   ..........              (no amulet)
HPRegen 0.20/turn               (no ring)
MPRegen 0.10/turn               (no ring)

@: no status effects
A: horns 2, retaliatory headbutt
a: Renounce Religion, Berserk, Trog's Hand


You were on level 6 of the Dungeon.
You worshipped Trog.
Trog was most pleased with you.
You visited 1 branch of the dungeon, and saw 6 of its levels.

You collected 336 gold pieces.

Inventory:

Hand Weapons
 a - a +1 hand axe (weapon)
Missiles
 s - 10 poisoned darts (quivered)
Armour
 n - a +0 ring mail (worn)
 u - a +1 cloak (worn)
Jewellery
 j - a ring of magical power
 y - a ring of protection from fire
Wands
 b - a wand of flame (39)
 h - a wand of roots (20)
 r - a wand of digging (11)
Scrolls
 d - a scroll of enchant weapon
 k - a scroll of magic mapping
 o - a scroll of enchant armour
 x - a scroll of fog {unknown}
 z - 2 scrolls of amnesia {unknown}
Potions
 c - a potion of brilliance
 e - a potion of might {unknown}
 f - 2 potions of flight
 g - 3 potions of magic
 i - 3 potions of curing
 l - a potion of haste {unknown}
 m - a potion of cancellation {unknown}
 p - a potion of mutation {unknown}
 q - a potion of invisibility {unknown}
 t - a potion of ambrosia {unknown}
 v - a potion of attraction {unknown}
 w - a potion of degeneration {unknown}


   Skills:
 - Level 3.6 Fighting
 + Level 11.9 Axes
 - Level 2.4 Armour
 - Level 2.1 Dodging


You had 7 spell levels left.
You didn't know any spells.
Your spell library was empty.

Dungeon Overview and Level Annotations

Branches:
Dungeon (6/15)             Temple (0/1) D:6

Altars:
Dithmenos
Sif Muna
Trog
The Shining One

Annotations:
D:6 2 runed translucent doors


Innate Abilities, Weirdness & Mutations

You have a pair of horns on your head.
You reflexively headbutt those who attack you in melee.


Message History

The orc warrior barely misses you.
An orc comes into view. It is wielding a +0 whip.
You closely miss the orc warrior.
The orc warrior is moderately wounded.
You hit the ogre.
The ogre hits you with a +0 giant spiked club!!
The orc warrior misses you.
You barely miss the orc warrior.
The orc warrior is moderately wounded.
You hit the ogre.
The orc warrior hits you with a +0 flail!
You are too injured to fight recklessly!
You hit the orc warrior but do no damage.
You headbutt the orc warrior!
The orc warrior is heavily wounded.
You hit the ogre. The ogre barely misses you.
You barely miss the orc warrior.
The orc warrior is heavily wounded.
You hit the ogre. The orc warrior misses you.
You hit the orc warrior.
The orc warrior is severely wounded.
You hit the ogre. The ogre barely misses you.
The orc warrior hits you with a +0 flail.
You hit the orc warrior but do no damage.
The orc warrior is severely wounded.
You hit the ogre.
You kill the ogre!
Trog accepts your kill.
You hit the orc warrior but do no damage.
The orc warrior is severely wounded.
The orc warrior hits you with a +0 flail!
* * * LOW HITPOINT WARNING * * *
You hit the orc warrior but do no damage.
Your headbutt misses the orc warrior.
The orc warrior is severely wounded.
You slash the orc!
You kill the orc!
Trog accepts your kill.
The orc warrior hits you with a +0 flail!
You die...

##.##.................'...
#.#..######..######..####
#.#.## ### ##.# #.#.# #.#
#...# #.# ##..# ## #.#
#..#.#.## #.# #..##.)o#
#.# #...###@# ...
#.......# .#. ##.##..##
#.#...# #.....+.
###.#.+.$. #...#8....
###.##8[|8 #.. ####


You could see an orc warrior.

Vanquished Creatures
  Edmund (D:5)
  2 ice beasts (D:5)
  2 ogres
  3 scorpions
  A howler monkey (D:4)
  3 hounds
  Crazy Yiuf (D:3)
  4 iguanas
  A river rat (D:5)
  10 adders
  A shadow imp (D:6)
  A white imp (D:6)
  An ufetubus (D:5)
  3 dart slugs
  6 orcs
  7 endoplasms
  4 giant cockroaches
  8 hobgoblins
  6 jackals
  2 quokkas
  8 ball pythons
  4 bats
  5 frilled lizards
  14 goblins
  6 kobolds
  7 rats
111 creatures vanquished.

Notes
Turn   | Place    | Note
-------+----------+-------------------------------------------
     0 | D:1      | BuddhaDhamma the Minotaur Berserker began the quest for the
                  | Orb.
     0 | D:1      | Reached XP level 1. HP: 19/19 MP: 0/0
   124 | D:1      | Reached skill level 4 in Axes
   366 | D:1      | Reached XP level 2. HP: 26/26 MP: 1/1
   853 | D:1      | Reached skill level 5 in Axes
   989 | D:2      | Reached XP level 3. HP: 31/31 MP: 2/2
  1011 | D:2      | Found a bloodstained altar of Trog.
  1365 | D:2      | Reached ** piety under Trog
  1648 | D:2      | You fall into a shaft and drop 1 floor!
  1667 | D:3      | Noticed a scorpion
  1690 | D:3      | Killed a scorpion
  1691 | D:3      | Reached skill level 6 in Axes
  1691 | D:3      | Reached XP level 4. HP: 36/39 MP: 3/3
  1753 | D:3      | Reached XP level 5. HP: 45/45 MP: 4/4
  1763 | D:3      | Reached skill level 7 in Axes
  2738 | D:3      | Found a runed translucent door.
  2739 | D:3      | Noticed Crazy Yiuf
  2959 | D:3      | Killed Crazy Yiuf
  3029 | D:4      | Found a glowing golden altar of the Shining One.
  3041 | D:4      | Reached skill level 8 in Axes
  3109 | D:4      | Found a shimmering blue altar of Sif Muna.
  3210 | D:4      | Reached XP level 6. HP: 47/51 MP: 5/5
  3253 | D:4      | Reached *** piety under Trog
  3360 | D:4      | Reached skill level 9 in Axes
  3550 | D:4      | Found a shadowy altar of Dithmenos.
  3823 | D:5      | Entered Level 5 of the Dungeon
  3905 | D:5      | Noticed an ice beast
  3913 | D:5      | Killed an ice beast
  3914 | D:5      | Reached XP level 7. HP: 30/57 MP: 6/6
  4379 | D:5      | Reached skill level 10 in Axes
  4770 | D:5      | Noticed Edmund
  4784 | D:5      | Killed Edmund
  4785 | D:5      | Reached skill level 11 in Axes
  5270 | D:6      | Found a staircase to the Ecumenical Temple.
  5583 | D:6      | Reached XP level 8. HP: 55/64 MP: 7/7
  5835 | D:6      | Found a large runed translucent door.
  5836 | D:6      | Found a large runed translucent door.
  5843 | D:6      | Noticed a manticore
  5861 | D:6      | Slain by an orc warrior

Illustrated notes

Levels and vault maps discovered:
D:1:      minmay_arrival_split_and_join, layout_basic
D:2:      layout_basic, basic_altar, minmay_misc_feat_tower,
          minmay_goblin_kobold_house
D:3:      layout_basic, uniq_crazy_yiuf_cottage
D:4:      layout_rooms, overflow_temple_1_default, lemuel_round_altar,
          minmay_ruined_shrine
D:5:      layout_loops_corners, cheibrodos_sewer_entry_sluice,
          chequers_decorated_corner, uniq_edmund
D:6:      layout_basic, temple_pool_b, nicolae_kite_square_tiling_tiny,
          minmay_hollow_rounded_squares

Skill      XL: |  1  2  3  4  5  6  7 |
---------------+----------------------+-----
Axes           | 4 5 6 8 9 11 | 11.9
Fighting       | |  3.6
Armour         | |  2.4
Dodging        | |  2.1

Action                   |  1- 3 |  4- 6 |  7- 9 || total
-------------------------+-------+-------+-------++-------
Melee: Hand axe          |    87 |   123 |    71 ||   281
       Headbutt          |     7 |    18 |    11 ||    36
       Punch             |       |     2 |     1 ||     3
Throw: Dart              |       |       |     2 ||     2
Invok: Berserk           |       |     2 |       ||     2
  Use: Scroll            |       |    12 |       ||    12
Armor: Animal skin       |     4 |       |       ||     4
       Leather armour    |     4 |       |       ||     4
       Ring mail         |    14 |    40 |    17 ||    71
Dodge: Dodged            |    63 |    70 |    28 ||   161
